[Event "ICCopen2017"]
[Site "Internet Chess Club"]
[Date "2017.03.26"]
[Round "11"]
[White "Ataraxia"]
[Black "Mercury"]
[Result "0-1"]
[ICCResult "White checkmated"]
[WhiteElo "1894"]
[BlackElo "2178"]
[Opening "Queen's pawn: Yusupov-Rubinstein system"]
[ECO "A46"]
[NIC "QP.06"]
[Time "21:04:14"]
[TimeControl "180+0"]

1. d4 Nf6 2. Nf3 e6 3. e3 c5 4. Bd3 Nc6 5. b3 d5 6. O-O Bd6 7. Bb2 O-O 8.
Ne5 cxd4 9. exd4 Qc7 10. f4 Nb4 11. Na3 Nxd3 12. cxd3 Bd7 13. Rc1 Qb6 14.
Kh1 Rfc8 15. Qf3 Qa5 16. Rxc8+ Rxc8 17. Nac4 dxc4 18. dxc4 Bc6 19. Qg3 Qxa2
20. Ba1 Qe2 21. Re1 Bxg2+ 22. Kg1 Qd2 23. Bc3 Qc2 24. c5 Bxe5 25. fxe5 Nd5
26. Qxg2 Qxg2+ 27. Kxg2 Nxc3 28. Ra1 a6 29. b4 Nb5 30. Rd1 Rd8 31. d5 Rxd5
32. Rc1 Rxe5 33. c6 bxc6 34. Rxc6 g5 35. Rxa6 Re4 36. Ra8+ Kg7 37. Rb8 Rxb4
38. h3 Kg6 39. Kg3 h5 40. Kh2 Kf5 41. Rf8 Rb2+ 42. Kg3 f6 43. Rh8 h4+ 44.
Kf3 Rb3+ 45. Ke2 Nd4+ 46. Kf1 Rxh3 47. Kg2 Rf3 48. Kh2 Rg3 49. Kh1 Nf3 50.
Rxh4 Rg1# {White checkmated} 0-1

[Event "ICCopen2017"]
[Site "Internet Chess Club"]
[Date "2017.03.26"]
[Round "11"]
[White "KnightWalker"]
[Black "blackjack721"]
[Result "1-0"]
[ICCResult "Black forfeits on time"]
[WhiteElo "1336"]
[BlackElo "1249"]
[Opening "Sicilian"]
[ECO "B50"]
[NIC "SI.01"]
[Time "21:04:27"]
[TimeControl "180+0"]

1. e4 c5 2. Nf3 d6 3. h3 e5 4. Bd3 Nc6 5. c3 Nf6 6. Bc2 Be7 7. O-O h5 8. Re1
Be6 9. d4 cxd4 10. cxd4 exd4 11. Nxd4 Nxd4 12. Qxd4 Qc8 13. Bg5 Bxh3 14. Nc3
Qg4 15. Ba4+ Kf8 16. g3 Qxg5 17. e5 Ng4 18. exd6 Bf6 19. Qe4 Be5 20. f4 Qf6
21. Nd5 Qxd6 22. fxe5 Nxe5 23. Qxe5 Qc5+ 24. Kh2 Be6 25. Bb3 Qf2+ 26. Kh1
Rh6 27. Qe3 Qf5 28. Nf4 Rf6 29. Bxe6 Rxe6 30. Qa3+ Kg8 31. Rxe6 fxe6 32. Rf1
Qe4+ 33. Qf3 Qxf3+ 34. Rxf3 e5 35. Ng6 Kh7 36. Nxe5 g5 37. Rf7+
{Black forfeits on time}
1-0

[Event "ICCopen2017"]
[Site "Internet Chess Club"]
[Date "2017.03.26"]
[Round "11"]
[White "Mandragora"]
[Black "hipopotamos"]
[Result "1-0"]
[ICCResult "Black forfeits on time"]
[WhiteElo "1550"]
[BlackElo "1199"]
[Opening "King's pawn game"]
[ECO "C50"]
[NIC "IG.03"]
[Time "21:04:11"]
[TimeControl "180+0"]

1. e4 e5 2. Nf3 Nc6 3. Bc4 h6 4. O-O Nf6 5. c3 Bc5 6. Re1 d6 7. h3 O-O 8. d4
exd4 9. cxd4 Bb6 10. Nc3 Bd7 11. a4 Qc8 12. Kh2 Ng4+ 13. hxg4 Bxg4 14. a5
Bh5 15. axb6 Qg4 16. bxa7 Ne7 17. Be3 Ng6 18. Rh1 Nf4 19. Bxf4 Qxf4+ 20. Kg1
Qg4 21. Rxh5 Qxh5 22. e5 Rfe8 23. exd6 Re4 24. dxc7 Rg4 25. c8=Q+ Rxc8 26.
a8=Q Rxa8 27. Rxa8+ Kh7 28. Qd3+ g6 29. Bxf7 Qh3 30. Bg8+ Kg7 31. Ne1 Qh5
32. d5 Rh4 33. Qh3 Rxh3 34. gxh3 Qxh3 35. Be6 Qxe6 36. dxe6 Kf6 37. Re8 Ke5
38. e7 Kd6 39. Rb8 Kxe7 40. Rxb7+ Ke6 41. Rb6+ Kf5 42. Rxg6 Kxg6 43. Nd5 Kf5
44. b4 Ke6 45. Nf4+ Kd6 46. Ned3 Kc6 47. Kg2 Kb5 48. Kg3 Kc4 49. Kg4 h5+ 50.
Kxh5 Kb5 51. Kg5 Kc4 52. f3 Kb5 53. Ne6 Kc4 54. f4 Kxd3 55. f5 Kc4 56. Kg6
Kxb4 57. f6 Kc3 58. f7 Kd3 59. Kg7 Ke4 60. f8=Q Kd5 61. Nd8 Ke4 62. Qc5 Kd3
63. Qb4 Ke3 64. Kf6 Kf2 65. Kf5 Kg2 66. Kg4 Kf2 67. Qc3 Ke2 68. Kg3 Kf1 69.
Qc2 Ke1 70. Kf3 {Black forfeits on time} 1-0

[Event "ICCopen2017"]
[Site "Internet Chess Club"]
[Date "2017.03.26"]
[Round "11"]
[White "nurmi"]
[Black "Shadeath"]
[Result "0-1"]
[ICCResult "White forfeits on time"]
[WhiteElo "2405"]
[BlackElo "2748"]
[Opening "Caro-Kann: anti-anti-Caro-Kann defense"]
[ECO "A11"]
[NIC "EO.64"]
[Time "21:04:17"]
[TimeControl "180+0"]

1. c4 c6 2. e4 d5 3. exd5 cxd5 4. cxd5 Nf6 5. Nc3 Nxd5 6. d4 e6 7. Nf3 Nc6
8. Bd3 g6 9. O-O Bg7 10. Bg5 Nde7 11. Ne4 h6 12. Bf6 O-O 13. Bxg7 Kxg7 14.
Bc4 b6 15. Rc1 Bb7 16. Re1 Rc8 17. a3 Nd5 18. Qd2 Nce7 19. h4 Nf5 20. h5 g5
21. Ba2 Rxc1 22. Rxc1 Nf6 23. Nxf6 Qxf6 24. d5 Bxd5 25. Bxd5 Rd8 26. Rc7
Rxd5 27. Qe2 g4 28. Nd2 g3 29. Ne4 gxf2+ 30. Nxf2 Ng3 31. Qe3 Rg5 32. Rxa7
Nxh5 33. Rb7 Nf4 34. g3 Nh5 35. Ne4 Qe5 36. Rxf7+ Kg6 37. Rf3 Rg4 38. Nf2
Qxe3 39. Rxe3 Rxg3+ 40. Rxg3+ Nxg3 41. b4 Ne2+ 42. Kg2 Nc3 43. Kf3 Kf5 44.
Ke3 b5 45. Kd3 Na4 46. Ne4 e5 47. Nd6+ Ke6 48. Nxb5 Nb6 49. Nc3 Kf5 50. a4
h5 51. a5 Nc8 52. a6 Na7 53. b5 Nc8 54. Nd5 Nb6 55. Nxb6 e4+ 56. Ke3 Ke5 57.
a7 Ke6 58. a8=Q Kd6 {White forfeits on time} 0-1

[Event "ICCopen2017"]
[Site "Internet Chess Club"]
[Date "2017.03.26"]
[Round "11"]
[White "ehkopean"]
[Black "Kjaan1974"]
[Result "1-0"]
[ICCResult "Black forfeits on time"]
[WhiteElo "1655"]
[BlackElo "1466"]
[Opening "English opening"]
[ECO "A10"]
[NIC "EO.64"]
[Time "21:04:24"]
[TimeControl "180+0"]

1. c4 g6 2. g3 Bg7 3. Bg2 c6 4. Nc3 d6 5. e4 e5 6. d3 Be6 7. f4 exf4 8. Bxf4
Ne7 9. Nf3 O-O 10. O-O f6 11. Kh1 g5 12. Bxg5 fxg5 13. Nxg5 Rxf1+ 14. Bxf1
Bf7 15. Qf3 Qf8 16. Bh3 Ng6 17. Rf1 Ne5 18. Qe3 h6 19. Nxf7 Nxf7 20. Be6 Nd7
21. Bxd7 Qe7 22. Bg4 Bxc3 23. bxc3 Rf8 24. Bf5 Ng5 25. Qxa7 d5 26. cxd5 cxd5
27. Qd4 dxe4 28. Qd5+ Kg7 29. dxe4 Rd8 30. Qc4 Rd2 31. a4 Rd6 32. Qc5 Nf7
33. Qf2 Ne5 34. Bh3 Rd3 35. Bf5 Rf3 36. Qe2 Rxf1+ 37. Qxf1 Qc5 38. Qb5 Qxc3
39. Qxb7+ Kf6 40. Qb6+ Kg5 41. h4+ Kh5 42. Qd8 Qf3+ 43. Kh2 Qf2+ 44. Kh1
Qf1+ 45. Kh2 {Black forfeits on time} 1-0

[Event "ICCopen2017"]
[Site "Internet Chess Club"]
[Date "2017.03.26"]
[Round "11"]
[White "BlueJ"]
[Black "rotyi59"]
[Result "1/2-1/2"]
[ICCResult "Black stalemated"]
[WhiteElo "1914"]
[BlackElo "1575"]
[Opening "English: four knights, 4.e3"]
[ECO "A28"]
[NIC "EO.06"]
[Time "21:04:47"]
[TimeControl "180+0"]

1. c4 Nc6 2. Nc3 Nf6 3. Nf3 e5 4. e3 d5 5. cxd5 Nxd5 6. Bb5 Nxc3 7. bxc3 e4
8. Ne5 Bd7 9. Nxd7 Qxd7 10. Qa4 f5 11. O-O Bd6 12. f3 exf3 13. Rxf3 O-O 14.
Ba3 Bxa3 15. Qxa3 Qd6 16. Qxd6 cxd6 17. Raf1 g6 18. Rf4 Ne5 19. Rd4 Rad8 20.
Rd5 a6 21. Be2 Rf6 22. Rb1 Rd7 23. Rb6 Kg7 24. a4 Nf7 25. Rd4 Nd8 26. Bf3
Kf7 27. Rdb4 d5 28. Kf2 Rxb6 29. Rxb6 Ke7 30. Ke2 Rd6 31. Rb4 Ke6 32. h4 b6
33. g4 a5 34. gxf5+ gxf5 35. Rb5 Nb7 36. d4 Nd8 37. Kd3 Nf7 38. c4 dxc4+ 39.
Kxc4 Kd7 40. Rxf5 Ke6 41. Bg4 Ke7 42. Rh5 h6 43. Bf3 Nd8 44. Re5+ Re6 45.
Rxe6+ Kxe6 46. Kb5 Kd6 47. Kxb6 Ne6 48. Kxa5 Ng7 49. Kb6 Nf5 50. a5 Nxe3 51.
Be2 Nd5+ 52. Kb7 Nb4 53. a6 Nxa6 54. Bxa6 Kd5 55. Be2 Kxd4 56. Kc7 Ke5 57.
Kd7 Kf6 58. Ke8 Kg7 59. Ke7 Kg6 60. Kf8 Kh7 61. Bd3+ Kh8 62. h5
{Black stalemated}
1/2-1/2

[Event "ICCopen2017"]
[Site "Internet Chess Club"]
[Date "2017.03.26"]
[Round "11"]
[White "nealbruce"]
[Black "Alvin78"]
[Result "0-1"]
[ICCResult "White forfeits on time"]
[WhiteElo "1288"]
[BlackElo "1575"]
[Opening "Philidor's defense"]
[ECO "C41"]
[NIC "KP.08"]
[Time "21:05:21"]
[TimeControl "180+0"]

1. e4 e5 2. Nf3 d6 3. d4 Be6 4. dxe5 Nc6 5. Bb5 dxe5 6. O-O Ne7 7. Nxe5 g6
8. Bg5 Bg7 9. Bxe7 Kxe7 10. Bxc6 Bxe5 11. Bxb7 Rb8 12. Bd5 Bxb2 13. Bxe6
fxe6 14. Nd2 Bxa1 15. Qxa1 Qxd2 16. Qe5 Qxc2 17. Qg5+ Kf7 18. e5 Qf5 19. Qe3
Rhd8 20. Qxa7 Qxe5 21. Rc1 Kf6 22. h3 Ra8 23. Qxc7 Qxc7 24. Rxc7 Rxa2 25.
Rxh7 Rdd2 {White forfeits on time} 0-1

[Event "ICCopen2017"]
[Site "Internet Chess Club"]
[Date "2017.03.26"]
[Round "11"]
[White "ComeonJimtal"]
[Black "jps7"]
[Result "0-1"]
[ICCResult "White forfeits on time"]
[WhiteElo "1704"]
[BlackElo "1584"]
[Opening "French defense"]
[ECO "C00"]
[NIC "FR.01"]
[Time "21:04:13"]
[TimeControl "180+0"]

1. e4 e6 2. b4 d5 3. e5 Bxb4 4. c3 Be7 5. d4 c5 6. f4 Nc6 7. Nf3 cxd4 8.
cxd4 Qb6 9. Bd3 Bd7 10. Be3 Bb4+ 11. Nbd2 Bc3 12. Rb1 Qa5 13. O-O b6 14. Qc2
Bb4 15. Nb3 Qa3 16. Bc1 Qa4 17. a3 Bxa3 18. Qa2 Nb4 19. Qxa3 Nxd3 20. Qd6
Nxc1 21. Rfxc1 Ne7 22. Rc7 Nf5 23. Nc5 Nxd6 24. Nxa4 Bxa4 25. exd6 O-O 26.
Ne5 f6 27. Nc6 Bxc6 28. Rxc6 Rfd8 29. Ra1 Rd7 30. Rxb6 Kf7 31. Rba6 Rad8 32.
Rxa7 Rxa7 33. Rxa7+ Kg6 34. Ra6 f5 35. Kf2 Kf6 36. Ke3 Rd7 37. h3 h6 38. g4
g5 39. fxg5+ hxg5 40. gxf5 exf5 41. Kf3 f4 42. Kg4 Kg6 43. Rc6 f3 44. Kxf3
Kf5 45. Kg3 Ke4 46. Rc7 Rxd6 47. Rg7 Kxd4 48. Rxg5 Ke3 49. h4 d4 50. Re5+
Kd2 51. h5 Rh6 {White forfeits on time} 0-1

[Event "ICCopen2017"]
[Site "Internet Chess Club"]
[Date "2017.03.26"]
[Round "11"]
[White "Darnoc"]
[Black "ibarra"]
[Result "1/2-1/2"]
[ICCResult "White stalemated"]
[WhiteElo "2903"]
[BlackElo "2815"]
[Opening "Nimzo-Indian: classical, Noa variation"]
[ECO "E34"]
[NIC "NI.23"]
[Time "21:04:47"]
[TimeControl "180+0"]

1. d4 Nf6 2. c4 e6 3. Nc3 Bb4 4. Qc2 d5 5. cxd5 Qxd5 6. Nf3 Qf5 7. Qxf5 exf5
8. Bd2 c6 9. e3 O-O 10. Bd3 g6 11. O-O Bd6 12. Rac1 Nbd7 13. Rfd1 Nb6 14.
Be1 Re8 15. h3 Be6 16. Ng5 Bc4 17. Bxc4 Nxc4 18. b3 Nb6 19. Rc2 Nbd5 20.
Nxd5 Nxd5 21. g3 h6 22. Nf3 Kg7 23. Bd2 Re4 24. Ne1 Re7 25. Nd3 Rae8 26. a4
Nf6 27. Kg2 Nd5 28. b4 a6 29. Rb1 Rd8 30. b5 axb5 31. axb5 Rc8 32. Rbc1 Rec7
33. Rb1 b6 34. bxc6 Rxc6 35. Rxc6 Rxc6 36. Rb5 Nc7 37. Rb2 Nd5 38. Kf3 Kf6
39. Ke2 Ke6 40. g4 fxg4 41. hxg4 f5 42. gxf5+ gxf5 43. Rb1 Rc2 44. Rh1 Nc3+
45. Ke1 Ne4 46. Rxh6+ Kd5 47. Bb4 Kc4 48. Ne5+ Kxb4 49. f3 Bxe5 50. dxe5 Nc5
51. Rxb6+ Kc3 52. Rd6 Nd3+ 53. Kf1 Nxe5 54. Rd5 Nc4 55. Ke1 Nxe3 56. Rd8 Rh2
57. f4 Rg2 58. Rd3+ Kxd3 {White stalemated} 1/2-1/2

[Event "ICCopen2017"]
[Site "Internet Chess Club"]
[Date "2017.03.26"]
[Round "11"]
[White "uggi"]
[Black "dhar2603"]
[Result "0-1"]
[ICCResult "White forfeits on time"]
[WhiteElo "1902"]
[BlackElo "1899"]
[Opening "Modern defense"]
[ECO "A40"]
[NIC "EO.35"]
[Time "21:04:36"]
[TimeControl "180+0"]

1. d4 g6 2. c4 Bg7 3. Nc3 c5 4. Nf3 cxd4 5. Nxd4 Nc6 6. Nc2 Bxc3+ 7. bxc3 d6
8. g3 Nf6 9. Bg2 Qa5 10. Qd2 Be6 11. Ne3 Rc8 12. Nd5 Bxd5 13. cxd5 Ne5 14.
O-O O-O 15. Rb1 b6 16. Rb4 Nc4 17. Qd4 Qxa2 18. Bg5 a5 19. Rbb1 Ne5 20. Bxf6
exf6 21. Qxb6 Nc4 22. Qd4 Qxe2 23. Qxf6 Qe5 24. Qxe5 Nxe5 25. Ra1 Rc5 26.
Ra4 Rfc8 27. Rfa1 Rxc3 28. Rxa5 Rc1+ 29. Bf1 Rxa1 30. Rxa1 Rc5 31. Bg2 Kg7
32. Ra6 Rc1+ 33. Bf1 Nf3+ 34. Kg2 Nd2 35. Be2 Ne4 {White forfeits on time}
0-1

[Event "ICCopen2017"]
[Site "Internet Chess Club"]
[Date "2017.03.26"]
[Round "11"]
[White "UnderArmour"]
[Black "DGurevich"]
[Result "0-1"]
[ICCResult "White checkmated"]
[WhiteElo "1973"]
[BlackElo "2500"]
[Opening "Sicilian, Chekhover variation"]
[ECO "B53"]
[NIC "SI.02"]
[Time "21:04:44"]
[TimeControl "180+0"]

1. e4 c5 2. Nf3 d6 3. d4 cxd4 4. Qxd4 Nc6 5. Bb5 Bd7 6. Bxc6 Bxc6 7. Nc3 Nf6
8. Bg5 h6 9. Bxf6 gxf6 10. O-O-O Bg7 11. Nh4 e6 12. Qxd6 Qxd6 13. Rxd6 Ke7
14. Rhd1 Rac8 15. f3 h5 16. g3 Rc7 17. f4 Rhc8 18. Kb1 b5 19. a3 a5 20. b4
axb4 21. axb4 Be8 22. Ne2 Rxc2 23. Nd4 R2c4 24. Ndf5+ exf5 25. Nxf5+ Kf8 26.
Rd8 Rxb4+ 27. Ka2 Rxd8 28. Rxd8 Rxe4 29. Kb3 b4 30. h3 Kg8 31. Nd6 Re3+ 32.
Kxb4 Bf8 33. Kc4 Bxd6 34. Rxd6 Rxg3 35. Rxf6 Rxh3 36. Kd4 Kg7 37. Rf5 Bd7
38. Rg5+ Kf6 39. Ke4 Bc6+ 40. Kd4 Rf3 41. Rxh5 Rxf4+ 42. Ke3 Rf5 43. Rh6+
Ke5 44. Rxc6 Rf1 45. Rc5+ Ke6 46. Rc6+ Kf5 47. Rc5+ Kg6 48. Ke2 Ra1 49. Rc6+
f6 50. Kf3 Ra3+ 51. Kf4 Ra4+ 52. Kf3 Ra5 53. Kf4 Rf5+ 54. Kg4 Rg5+ 55. Kf4
Rd5 56. Kg4 Rd4+ 57. Kg3 Kf5 58. Rc5+ Ke4 59. Rc8 Ke3 60. Re8+ Re4 61. Rf8
Re6 62. Kg2 Ke4 63. Kg3 f5 64. Rf7 Rg6+ 65. Kf2 Ra6 66. Re7+ Kf4 67. Rb7
Ra2+ 68. Kf1 Ra3 69. Rb4+ Kf3 70. Kg1 f4 71. Rb8 Ra1+ 72. Kh2 Re1 73. Rb3+
Kf2 74. Rb2+ Re2 75. Rb3 Kf1+ 76. Kh1 Re3 77. Rb1+ Kf2 78. Rb2+ Re2 79. Rb3
f3 80. Kh2 Rd2 81. Rb1 Ke2 82. Kh1 Rd7 83. Rb8 Rh7+ 84. Kg1 f2+ 85. Kg2
f1=Q+ 86. Kg3 Qf3# {White checkmated} 0-1

[Event "ICCopen2017"]
[Site "Internet Chess Club"]
[Date "2017.03.26"]
[Round "11"]
[White "centralsquare"]
[Black "see101"]
[Result "0-1"]
[ICCResult "White forfeits on time"]
[WhiteElo "1433"]
[BlackElo "1424"]
[Opening "Benkö gambit: Zaitsev system"]
[ECO "A57"]
[NIC "BI.44"]
[Time "21:04:34"]
[TimeControl "180+0"]

1. d4 Nf6 2. c4 c5 3. d5 b5 4. cxb5 a6 5. Nc3 d6 6. e4 g6 7. Bd3 Bg7 8. Nge2
O-O 9. O-O axb5 10. Bxb5 Ba6 11. Bxa6 Nxa6 12. Ng3 Qb6 13. Kh1 Rfb8 14. Rb1
Nb4 15. a3 Na6 16. Na4 Qb5 17. Nc3 Qb7 18. f4 Nd7 19. Bd2 c4 20. e5 dxe5 21.
fxe5 Nxe5 22. Bf4 Nc5 23. Qe2 Ncd7 24. Nge4 h6 25. d6 e6 26. Bxe5 Bxe5 27.
Qxc4 Rc8 28. Qd3 Rab8 29. Qf3 f5 30. Nd2 Nf6 31. Qh3 Kg7 32. Nf3 Bxd6 33.
Nd4 Re8 34. Ncb5 Be5 35. b4 Ng4 36. Rbe1 Bxd4 37. Nxd4 Qb6 38. Qc3 Kf7 39.
Nc6 Rbc8 40. b5 e5 41. Qc4+ Kf6 {White forfeits on time} 0-1

[Event "ICCopen2017"]
[Site "Internet Chess Club"]
[Date "2017.03.26"]
[Round "11"]
[White "wagnerbi"]
[Black "qpr"]
[Result "0-1"]
[ICCResult "White forfeits on time"]
[WhiteElo "1829"]
[BlackElo "1650"]
[Opening "Sicilian: closed"]
[ECO "B23"]
[NIC "SI.44"]
[Time "21:04:07"]
[TimeControl "180+0"]

1. e4 c5 2. Nc3 e6 3. g3 a6 4. Bg2 Nc6 5. d3 d6 6. Nge2 Nf6 7. h3 Be7 8. Be3
O-O 9. g4 Rb8 10. Ng3 b5 11. O-O Bb7 12. a3 b4 13. axb4 Nxb4 14. g5 Nd7 15.
f4 Nb6 16. h4 d5 17. Bd2 dxe4 18. dxe4 Qc7 19. Rc1 Nc4 20. b3 Nxd2 21. Qxd2
Rbd8 22. Qe2 Nc6 23. Qg4 Nd4 24. Kh1 c4 25. Nh5 Bb4 26. Na2 Bd6 27. Nf6+ Kh8
28. Qh5 gxf6 29. gxf6 Rg8 30. e5 Bc5 31. Rg1 Bxg2+ 32. Rxg2 Rxg2 33. Kxg2
Rg8+ 34. Kh3 Qb7 35. Qg5 Rxg5 36. hxg5 Qf3+ 37. Kh2 Ne2 38. Re1 Qxf4+
{White forfeits on time}
0-1

[Event "ICCopen2017"]
[Site "Internet Chess Club"]
[Date "2017.03.26"]
[Round "11"]
[White "findles"]
[Black "CristianS"]
[Result "0-1"]
[ICCResult "White forfeits on time"]
[WhiteElo "1872"]
[BlackElo "2072"]
[Opening "Giuoco Pianissimo"]
[ECO "C55"]
[NIC "IG.01"]
[Time "21:04:50"]
[TimeControl "180+0"]

1. e4 e5 2. Nf3 Nc6 3. Bc4 Nf6 4. d3 Bc5 5. O-O d6 6. c3 a6 7. Bb3 Ba7 8.
Re1 Ne7 9. Nbd2 Ng6 10. Nf1 Be6 11. Ng3 O-O 12. d4 c6 13. h3 h6 14. Be3 Re8
15. dxe5 dxe5 16. Bxa7 Bxb3 17. Qxb3 Rxa7 18. Rad1 Qc7 19. Nf5 Raa8 20. Nd6
Rad8 21. Nxe8 Rxe8 22. Qb4 Nf4 23. Qd6 Qb6 24. b3 Qa5 25. Qd2 Re6 26. Kh2
Qc5 27. g3 Ng6 28. Kg2 Kh7 29. c4 a5 30. Qe3 Qa3 31. Rd2 Nh5 32. Red1 Qe7
33. Rd7 Qf6 34. Rxb7 Rd6 35. Rxd6 Qxd6 36. Rxf7 Qe6 37. Rf5 Nf6 38. Nd2 Nd7
39. Qf3 a4 40. Rf7 axb3 41. axb3 Nf6 42. Qf5 Qxf7 43. Nf3 Qd7 44. g4 Qxf5
45. exf5 Nf4+ 46. Kg3 Ne2+ 47. Kg2 e4 48. Ne5 Nd4 49. b4 Kg8 50. b5 cxb5 51.
cxb5 Nxb5 52. Nc4 Nd5 53. Kg3 Nd6 54. Nd2 e3 {White forfeits on time} 0-1

[Event "ICCopen2017"]
[Site "Internet Chess Club"]
[Date "2017.03.26"]
[Round "11"]
[White "JaqueMateus1"]
[Black "Kiketf"]
[Result "1-0"]
[ICCResult "Black checkmated"]
[WhiteElo "2300"]
[BlackElo "2047"]
[Opening "Sicilian: Kan, 5.Nc3"]
[ECO "B43"]
[NIC "SI.41"]
[Time "21:04:50"]
[TimeControl "180+0"]

1. e4 c5 2. Nf3 e6 3. d4 cxd4 4. Nxd4 a6 5. Nc3 Qc7 6. Qf3 Nf6 7. Bf4 d6 8.
Bg5 Nbd7 9. O-O-O Be7 10. Kb1 O-O 11. Bd3 b5 12. Rhe1 Bb7 13. Qh3 Rfe8 14.
f4 g6 15. f5 Nc5 16. fxe6 Bc8 17. exf7+ Kxf7 18. Qh4 Kg7 19. Bxf6+ Bxf6 20.
Qxf6+ Kxf6 21. Nd5+ Ke5 22. Nf3+ Ke6 23. Nxc7+ Kd7 24. Nxa8 Kc6 25. e5 d5
26. Ng5 Kb7 27. Nxh7 Kxa8 28. Bxg6 Rg8 29. Bd3 Rxg2 30. h4 Bg4 31. Rc1 Rh2
32. Nf6 Be6 33. Rh1 Rf2 34. h5 Nxd3 35. cxd3 Bf5 36. h6 Bxd3+ 37. Ka1 Kb7
38. h7 Bxh7 39. Rxh7+ Kb6 40. Nxd5+ Ka5 41. Rh6 Rf4 42. b4+ Rxb4 43. Nxb4
Kxb4 44. e6 a5 45. e7 Ka3 46. Rh3+ Ka4 47. Rh4+ b4 48. e8=Q+ Ka3 49. Rh3+ b3
50. Rxb3# {Black checkmated} 1-0

[Event "ICCopen2017"]
[Site "Internet Chess Club"]
[Date "2017.03.26"]
[Round "11"]
[White "sasukenakamura"]
[Black "VrloJakMK"]
[Result "1-0"]
[ICCResult "Black checkmated"]
[WhiteElo "1711"]
[BlackElo "1999"]
[Opening "French: Tarrasch"]
[ECO "C03"]
[NIC "FR.14"]
[Time "21:05:08"]
[TimeControl "180+0"]

1. e4 e6 2. d4 d5 3. Nd2 a5 4. Ngf3 a4 5. Bd3 Nf6 6. O-O Nc6 7. c3 Be7 8.
Re1 h6 9. e5 Nd7 10. Nf1 a3 11. b3 b6 12. Ng3 Na5 13. Nh5 Bf8 14. g4 Ba6 15.
Bc2 c5 16. Ng3 cxd4 17. Nxd4 Rc8 18. Bd2 Nc6 19. f4 Nxd4 20. cxd4 Nb8 21. f5
Qh4 22. fxe6 fxe6 23. Bg6+ Kd8 24. Rc1 Nc6 25. Be3 Bb4 26. Rf1 Bxf1 27. Qxf1
Rf8 28. Qb5 Kd7 29. Rxc6 Rxc6 30. Qxb4 Qe7 31. Qa4 Rc8 32. Bd2 Kd8 33. Bb4
Qg5 34. Bd6 Qxg6 35. Qa7 Qg5 36. Qf7 Rc1+ 37. Kg2 R8c2+ 38. Kh3 Kc8 39.
Qxe6+ Kb7 40. Qxd5+ Ka7 41. Qf7+ Ka6 42. Qf3 Qd2 43. Qa8+ Kb5 44. Qa4#
{Black checkmated}
1-0

[Event "ICCopen2017"]
[Site "Internet Chess Club"]
[Date "2017.03.26"]
[Round "11"]
[White "aplusk"]
[Black "lsokol"]
[Result "0-1"]
[ICCResult "White forfeits on time"]
[WhiteElo "2713"]
[BlackElo "2382"]
[Opening "Sicilian: Nimzovich-Rossolimo attack (without ...d6)"]
[ECO "B30"]
[NIC "SI.31"]
[Time "21:04:32"]
[TimeControl "180+0"]

1. e4 c5 2. Nf3 Nc6 3. Bb5 e6 4. Bxc6 bxc6 5. b3 f6 6. Bb2 d6 7. Nh4 Nh6 8.
f4 Be7 9. Qh5+ Nf7 10. f5 e5 11. O-O d5 12. d3 Ba6 13. Nc3 c4 14. dxc4 dxc4
15. Rad1 Qb6+ 16. Kh1 cxb3 17. axb3 Bxf1 18. Rxf1 Rd8 19. Na4 Qb5 20. Qf3
Rd2 21. c4 Qb8 22. Bc1 Rd7 23. Qc3 O-O 24. Nf3 Rfd8 25. Nb2 Qb4 26. Qc2 Bc5
27. h4 Bd4 28. Nd3 Qb7 29. Ba3 a5 30. Rb1 Be3 31. Nc5 Bxc5 32. Bxc5 Nh6 33.
Kh2 Rd3 34. Qa2 Ng4+ 35. Kg3 Ne3 36. Bxe3 Rxe3 37. Qxa5 Rdd3 38. b4 h5 39.
b5 cxb5 40. Qxb5 Qxb5 41. cxb5 Rb3 42. Rxb3 Rxb3 43. Kf2 Rxb5 44. Nd2 Rb4
45. Ke3 Kf7 46. g3 Ra4 47. Nf3 Ra3+ 48. Ke2 Ke7 49. Kf2 Kd6 50. Ne1 Kc5 51.
Nf3 Kc4 52. Ke2 Ra2+ 53. Ke3 Rg2 54. Nd2+ Kc3 55. Nb1+ Kc2 56. Na3+ Kb3 57.
Nb5 Rxg3+ 58. Kf2 Rg4 59. Nd6 Rxh4 60. Kg3 Rg4+ 61. Kf3 Kc3 62. Ne8 Kd3 63.
Nxg7 Rxg7 64. Kf2 h4 65. Kf3 h3 66. Kf2 Kxe4 67. Kf1 Kxf5 68. Kf2 h2 69. Ke3
h1=Q 70. Kf2 Qe4 71. Kf1 Rd7 72. Kf2 Rd2+ 73. Kf1 Qg2+ {White forfeits on
time} 0-1

[Event "ICCopen2017"]
[Site "Internet Chess Club"]
[Date "2017.03.26"]
[Round "11"]
[White "gibert"]
[Black "knightspirit"]
[Result "1-0"]
[ICCResult "Black forfeits on time"]
[WhiteElo "1468"]
[BlackElo "1273"]
[Opening "Giuoco Piano"]
[ECO "C50"]
[NIC "IG.02"]
[Time "21:05:06"]
[TimeControl "180+0"]

1. e4 e5 2. Nf3 Nc6 3. Bc4 Bc5 4. O-O d6 5. c3 a6 6. d4 exd4 7. Nxd4 Ba7 8.
Be3 Nxd4 9. Bxd4 Bxd4 10. Qxd4 Nf6 11. e5 dxe5 12. Qxe5+ Qe7 13. Qxe7+ Kxe7
14. Nd2 Rd8 15. Nf3 Kf8 16. Rad1 Bg4 17. Be2 Re8 18. Bc4 b5 19. Bb3 Bxf3 20.
gxf3 Re2 21. Rc1 Rxb2 22. Rc2 Rxc2 23. Bxc2 Rd8 24. Rd1 Re8 25. Kf1 Nh5 26.
Rd7 Re7 27. Rd5 Nf6 28. Rc5 Ke8 29. Rc6 a5 30. Rc5 b4 31. cxb4 axb4 32. Rb5
c5 33. Rxc5 Rd7 34. Ke2 Re7+ 35. Kd1 Ra7 36. Bb3 Rb7 37. Rc8+ Kd7 38. Rf8
Ke7 39. Rc8 Rd7+ 40. Ke2 Nh5 41. Rc4 {Black forfeits on time} 1-0

[Event "ICCopen2017"]
[Site "Internet Chess Club"]
[Date "2017.03.26"]
[Round "11"]
[White "BoldPlan"]
[Black "NomDeGuerre"]
[Result "0-1"]
[ICCResult "White checkmated"]
[WhiteElo "1860"]
[BlackElo "2033"]
[Opening "Giuoco Pianissimo"]
[ECO "C50"]
[NIC "IG.02"]
[Time "21:04:35"]
[TimeControl "180+0"]

1. e4 e5 2. Nf3 Nc6 3. Bc4 Bc5 4. d3 Nf6 5. c3 d6 6. Bb3 h6 7. Nbd2 a6 8. h3
Be6 9. Bc2 d5 10. Qe2 dxe4 11. dxe4 Qe7 12. Nf1 Nh7 13. Be3 Ng5 14. Bxc5
Nxf3+ 15. Qxf3 Qxc5 16. Qe3 Qxe3+ 17. Nxe3 O-O-O 18. Ke2 g6 19. Rhd1 Na5 20.
b3 Nc6 21. a4 Rhf8 22. f3 g5 23. b4 Ne7 24. c4 Ng6 25. Rxd8+ Rxd8 26. Rd1 h5
27. Rxd8+ Kxd8 28. Kf2 h4 29. Bd3 Nf4 30. Bf1 b6 31. Ke1 a5 32. bxa5 bxa5
33. c5 c6 34. Kd2 Bb3 35. Nc4 Bxc4 36. Bxc4 f6 37. Bf1 Ne6 38. Kc3 Nxc5 39.
Kc4 Ne6 40. Bd3 Kc7 41. Be2 Kb6 42. Bf1 Nc5 43. Bd3 Nxa4 44. Bc2 Nc5 45. Bb3
Nxb3 46. Kxb3 Kc5 47. Ka4 Kd4 48. Kxa5 c5 49. Ka4 c4 50. Ka3 c3 51. Ka2 Kd3
52. Kb1 Kd2 53. Ka2 c2 54. Kb3 c1=Q 55. Kb4 Qc6 56. Ka5 Qb7 57. Ka4 Kc3 58.
Ka5 Kc4 59. g3 Qa7# {White checkmated} 0-1

[Event "ICCopen2017"]
[Site "Internet Chess Club"]
[Date "2017.03.26"]
[Round "11"]
[White "chesscomet"]
[Black "chigato"]
[Result "0-1"]
[ICCResult "White forfeits on time"]
[WhiteElo "1447"]
[BlackElo "1639"]
[Opening "Caro-Kann: closed (Breyer) variation"]
[ECO "B10"]
[NIC "CK.01"]
[Time "21:04:19"]
[TimeControl "180+0"]

1. e4 c6 2. d3 d5 3. Nd2 d4 4. Ngf3 c5 5. g3 Nc6 6. Bg2 f6 7. O-O e5 8. Nc4
b5 9. Ncd2 Bd6 10. c3 Nge7 11. Nh4 g6 12. Nb3 O-O 13. Bh6 Rf7 14. f4 Kh8 15.
fxe5 Nxe5 16. Nf3 Ng8 17. Nxe5 Bxe5 18. Bd2 Kg7 19. Nxc5 Qd6 20. Nb3 a5 21.
Bf4 a4 22. Nd2 dxc3 23. bxc3 Qxd3 24. Bxe5 fxe5 25. Rxf7+ Kxf7 26. Qf1+
Qxf1+ 27. Rxf1+ Kg7 28. Nf3 Kf6 29. Nd4+ Kg7 30. Nxb5 Ba6 31. Rb1 Rb8 32.
Na3 Rd8 33. c4 Rd2 34. Ra1 Nf6 35. Bf1 Nxe4 36. Nb5 Bb7 37. a3 Nc5 38. Re1
Kf6 39. Re2 Rd1 40. Kf2 e4 41. Re3 Rd2+ 42. Ke1 Rxh2 43. Nd6 Bc6 44. Kd1 Ke5
45. Nb5 Ra2 46. Ke1 Ra1+ 47. Kf2 Ra2+ 48. Be2 Nd3+ 49. Kf1 Nc5 50. Bd1 Ra1
51. Ke1 Nd3+ 52. Ke2 Ra2+ 53. Kf1 Ra1 54. Re2 Rxd1+ {White forfeits on time}
0-1